[ AOE2 MATCH · #506063278 ]
UnrankedJapanese vs Malians
Player's team · LOSS
Rival team · WIN
[ REPLAY ANALYSIS · EXTRACTED FROM THE RECORDED GAME ]
Feudal
8:51
Castle
20:28
Imperial
—
| APM avg | 35.5 |
| APM peak | 95 |
| eAPM avg | 20.0 |
| Villagers / military | 57 / 6 |
Focus
⚔️ 47.5% · 🌾 52.5%
Monk ×4 · Mangonel ×2
Feudal
10:30
Castle
14:28
Imperial
—
| APM avg | 40.1 |
| APM peak | 74 |
| eAPM avg | 19.4 |
| Villagers / military | 38 / 40 |
Focus
⚔️ 49.4% · 🌾 50.6%
Gbeto ×34 · Battering Ram ×5 · Petard ×1
Match map
Initial resources + every placement click. Lines = walls · curves = elevation contours. ◆ gold · ⬟ stone · ● berries · ✦ relic · ◌ wall gap
Your base· ✓ Closed at 20:28 · 0t walls · 3 gate(s)
LM | kingofthrowing123's base· ✓ Closed at 14:28 · 0t walls · 3 gate(s)
Smoothed initial terrain · ◌ = detected wall gap · hover for details
Inputs per minute
— AOKI_Gryphon - - LM | kingofthrowing123
Build order — AOKI_Gryphon
122 actions detected in the replay
| 0:01 | Queue | Villager (Male) ×4 |
| 0:02 | Build | House |
| 0:04 | Build | House |
| 1:27 | Queue | Villager (Male) |
| 1:45 | Build | Lumber Camp |
| 1:56 | Queue | Villager (Male) |
| 2:03 | Queue | Villager (Male) |
| 2:48 | Queue | Villager (Male) |
| 3:06 | Queue | Villager (Male) |
| 3:20 | Queue | Villager (Male) |
| 3:28 | Build | House |
| 3:49 | Build | Mill |
| 3:53 | Queue | Villager (Male) |
| 4:01 | Queue | Villager (Male) |
| 4:01 | Queue | Villager (Male) |
| 4:33 | Queue | Villager (Male) |
| 4:42 | Research | Loom |
| 4:52 | Queue | Villager (Male) |
| 4:52 | Research | Loom |
| 6:11 | Build | Mining Camp |
| 6:14 | Research | Feudal Age |
| 7:02 | Build | House |
| 7:45 | Queue | Villager (Male) |
| 8:51 | Age | Feudal Age |
| 8:53 | Build | Watch Tower |
| 8:55 | Research | Double-Bit Axe |
| 8:58 | Build | Blacksmith |
| 9:01 | Queue | Villager (Male) |
| 9:26 | Queue | Villager (Male) |
| 9:32 | Research | Fletching |
| 9:45 | Queue | Villager (Male) |
| 9:52 | Build | House |
| 10:11 | Build | Farm |
| 10:12 | Build | Farm |
| 10:23 | Build | Watch Tower |
| 10:24 | Queue | Villager (Male) |
| 10:37 | Queue | Villager (Male) |
| 10:54 | Build | Lumber Camp |
| 11:15 | Queue | Villager (Male) |
| 11:23 | Queue | Villager (Male) |
| 11:36 | Build | Watch Tower |
| 11:46 | Build | House |
| 11:48 | Queue | Villager (Male) |
| 12:02 | Build | Farm |
| 12:03 | Build | Farm |
| 12:03 | Build | Farm |
| 12:10 | Build | Farm |
| 12:17 | Queue | Villager (Male) |
| 12:58 | Queue | Villager (Male) |
| 13:17 | Queue | Villager (Male) |
| 13:21 | Build | Farm |
| 13:24 | Build | Farm |
| 13:25 | Build | Farm |
| 13:31 | Queue | Villager (Male) |
| 13:55 | Queue | Villager (Male) |
| 14:04 | Build | Mining Camp |
| 14:24 | Queue | Villager (Male) |
| 14:28 | Build | Market |
| 14:36 | Build | Outpost |
| 14:37 | Research | Town Watch |
| 14:58 | Build | Watch Tower |
| 15:04 | Queue | Villager (Male) |
| 15:34 | Build | Watch Tower |
| 15:35 | Queue | Villager (Male) |
| 15:35 | Queue | Villager (Male) |
| 15:40 | Build | House |
| 15:46 | Research | Wheelbarrow |
| 15:54 | Build | Farm |
| 16:11 | Build | Farm |
| 17:19 | Queue | Villager (Male) |
| 17:25 | Build | Lumber Camp |
| 17:48 | Research | Castle Age |
| 18:27 | Build | Watch Tower |
| 18:43 | Queue | Villager (Male) |
| 19:12 | Build | Watch Tower |
| 19:24 | Research | Horse Collar |
| 19:31 | Queue | Villager (Male) |
| 19:59 | Build | House |
| 20:10 | Queue | Villager (Male) |
| 20:28 | Age | Castle Age |
| 20:37 | Queue | Villager (Male) |
| 20:42 | Build | Town Center |
| 20:54 | Build | Monastery |
| 20:57 | Queue | Villager (Male) |
| 21:19 | Queue | Villager (Male) |
| 21:24 | Build | House |
| 21:26 | Build | Palisade Wall |
| 21:30 | Queue | Villager (Male) |
| 21:38 | Queue | Monk |
| 21:41 | Queue | Villager (Male) |
| 22:02 | Research | Bodkin Arrow |
| 22:13 | Queue | Villager (Male) |
| 22:25 | Queue | Monk |
| 22:26 | Queue | Villager (Male) |
| 22:58 | Queue | Villager (Male) |
| 23:03 | Build | Town Center |
| 23:08 | Queue | Villager (Male) |
| 23:15 | Build | House |
| 23:17 | Build | Palisade Wall |
| 23:23 | Queue | Villager (Male) |
| 23:43 | Queue | Villager (Male) |
| 23:55 | Queue | Villager (Male) |
| 24:22 | Build | Siege Workshop |
| 24:26 | Queue | Villager (Male) |
| 24:27 | Queue | Villager (Male) |
| 24:41 | Queue | Villager (Male) |
| 24:51 | Queue | Mangonel |
| 24:56 | Queue | Villager (Male) |
| 25:08 | Build | House |
| 25:08 | Build | House |
| 25:09 | Build | House |
| 25:29 | Queue | Villager (Male) |
| 25:38 | Queue | Villager (Male) |
| 25:45 | Queue | Villager (Male) |
| 25:48 | Queue | Monk |
| 25:56 | Queue | Monk |
| 26:04 | Queue | Mangonel |
| 26:17 | Build | House |
| 26:17 | Build | House |
| 26:18 | Build | House |
| 26:29 | Build | Mining Camp |
| 26:59 | Queue | Villager (Male) |
Build order — LM | kingofthrowing123
127 actions detected in the replay
| 0:00 | Queue | Villager (Male) |
| 0:00 | Queue | Villager (Male) |
| 0:01 | Queue | Villager (Male) |
| 0:02 | Build | House |
| 0:03 | Build | House |
| 0:08 | Queue | Villager (Male) |
| 1:26 | Queue | Villager (Male) |
| 1:35 | Queue | Villager (Male) |
| 1:52 | Build | Lumber Camp |
| 2:06 | Queue | Villager (Male) |
| 2:30 | Queue | Villager (Male) |
| 2:54 | Queue | Villager (Male) |
| 3:23 | Build | House |
| 3:25 | Build | House |
| 3:35 | Queue | Villager (Male) |
| 3:35 | Queue | Villager (Male) |
| 4:10 | Queue | Villager (Male) |
| 4:14 | Build | Mill |
| 4:49 | Queue | Villager (Male) |
| 4:50 | Queue | Villager (Male) |
| 5:06 | Queue | Villager (Male) |
| 5:25 | Queue | Villager (Male) |
| 6:07 | Queue | Villager (Male) |
| 6:30 | Queue | Villager (Male) |
| 6:30 | Queue | Villager (Male) |
| 7:35 | Build | Mining Camp |
| 7:52 | Queue | Villager (Male) |
| 8:19 | Research | Feudal Age |
| 8:29 | Build | House |
| 8:49 | Build | Farm |
| 8:52 | Build | Farm |
| 8:54 | Build | Farm |
| 9:53 | Research | Loom |
| 10:30 | Age | Feudal Age |
| 10:38 | Build | Market |
| 10:44 | Build | Blacksmith |
| 10:55 | Build | Gate |
| 11:23 | Queue | Villager (Male) |
| 11:45 | Research | Castle Age |
| 11:54 | Build | Mining Camp |
| 12:25 | Build | Watch Tower |
| 13:21 | Research | Double-Bit Axe |
| 13:49 | Queue | Villager (Male) |
| 14:28 | Age | Castle Age |
| 14:42 | Build | Castle |
| 15:01 | Queue | Villager (Male) |
| 15:37 | Build | Farm |
| 15:38 | Queue | Villager (Male) |
| 15:57 | Build | Farm |
| 15:58 | Build | Farm |
| 16:19 | Queue | Gbeto |
| 16:45 | Queue | Villager (Male) |
| 16:52 | Queue | Gbeto |
| 16:53 | Queue | Gbeto |
| 17:08 | Queue | Villager (Male) |
| 17:16 | Build | Siege Workshop |
| 17:30 | Queue | Petard |
| 17:31 | Queue | Villager (Male) |
| 17:40 | Queue | Gbeto |
| 18:07 | Queue | Battering Ram |
| 18:13 | Queue | Gbeto |
| 18:41 | Build | Farm |
| 18:42 | Build | Farm |
| 18:42 | Build | Farm |
| 18:42 | Build | Farm |
| 18:44 | Queue | Gbeto |
| 19:00 | Build | Farm |
| 19:14 | Queue | Villager (Male) |
| 19:14 | Queue | Gbeto |
| 19:30 | Queue | Battering Ram |
| 19:34 | Queue | Villager (Male) |
| 19:52 | Queue | Gbeto |
| 20:16 | Queue | Battering Ram |
| 20:23 | Queue | Gbeto |
| 20:45 | Queue | Villager (Male) |
| 20:45 | Queue | Villager (Male) |
| 20:46 | Queue | Gbeto |
| 21:22 | Queue | Gbeto |
| 21:24 | Queue | Battering Ram |
| 21:37 | Queue | Gbeto |
| 21:44 | Build | Farm |
| 21:45 | Build | Farm |
| 21:57 | Queue | Gbeto |
| 22:35 | Queue | Gbeto |
| 22:42 | Queue | Gbeto |
| 22:42 | Queue | Gbeto |
| 22:44 | Queue | Villager (Male) |
| 23:13 | Queue | Villager (Male) |
| 23:17 | Build | Farm |
| 23:17 | Build | Farm |
| 23:18 | Build | Farm |
| 23:18 | Build | Farm |
| 23:33 | Queue | Gbeto |
| 23:33 | Queue | Gbeto |
| 23:36 | Queue | Gbeto |
| 23:53 | Build | House |
| 23:54 | Build | House |
| 24:08 | Queue | Gbeto |
| 24:08 | Queue | Gbeto |
| 24:14 | Queue | Gbeto |
| 24:45 | Queue | Gbeto |
| 24:46 | Queue | Gbeto |
| 24:54 | Research | Scale Mail Armor |
| 25:01 | Queue | Gbeto |
| 25:06 | Queue | Gbeto |
| 25:06 | Queue | Gbeto |
| 25:12 | Queue | Gbeto |
| 25:32 | Queue | Gbeto |
| 25:42 | Queue | Gbeto |
| 26:06 | Build | Farm |
| 26:06 | Build | Farm |
| 26:06 | Build | Farm |
| 26:07 | Build | Farm |
| 26:07 | Build | Farm |
| 26:07 | Build | Farm |
| 26:08 | Build | Farm |
| 26:10 | Queue | Villager (Male) |
| 26:17 | Queue | Gbeto |
| 26:37 | Queue | Battering Ram |
| 26:38 | Queue | Villager (Male) |
| 26:39 | Queue | Villager (Male) |
| 26:40 | Build | Lumber Camp |
| 26:51 | Queue | Gbeto |
| 26:54 | Queue | Gbeto |
| 27:00 | Queue | Gbeto |
| 27:06 | Queue | Villager (Male) |
| 27:06 | Queue | Villager (Male) |
Match timeline
| 8:51 | AOKI_Gryphon · age_up feudal |
| 10:30 | LM | kingofthrowing123 · age_up feudal |
| 13:43 | LM | kingofthrowing123 · first_market_sell 100 food |
| 13:44 | LM | kingofthrowing123 · first_market_buy 100 stone |
| 14:28 | LM | kingofthrowing123 · age_up castle |
| 14:42 | LM | kingofthrowing123 · first_building Castle |
| 17:16 | LM | kingofthrowing123 · first_building Siege Workshop |
| 17:27 | AOKI_Gryphon · first_market_sell 500 wood |
| 17:28 | AOKI_Gryphon · first_market_buy 100 food |
| 20:28 | AOKI_Gryphon · age_up castle |
| 20:54 | AOKI_Gryphon · first_building Monastery |
| 21:26 | AOKI_Gryphon · wall_segment Palisade Wall x1 |
| 23:17 | AOKI_Gryphon · wall_segment Palisade Wall x1 |
| 24:22 | AOKI_Gryphon · first_building Siege Workshop |
| 27:10 | AOKI_Gryphon · resign |
[ AI ANALYSIS · 1 CREDIT ]
What really happened in this match?
Wolo.gg analyzes every decision: build order, eco, micro, common mistakes by bracket. Personalized analysis on WhatsApp or Discord in 30 seconds.
Civ guide
Japanese
Perfil
AOKI_Gryphon